 Dungeon Crawl Stone Soup version 0.24.1-14-gf8d2b509d9 (webtiles) character file.

Game seed: 6543741376800637240, levelgen mode: deterministic

15187 Hugehornet the Cleaver (level 12, -3/64 HPs)
             Began as a Gargoyle Fighter on May 24, 2020.
             Was a High Priest of Cheibriados.
             Slain by a skeletal warrior
             ... wielding a +0 halberd
             ... led by a skeletal warrior
              (15 damage)
             ... on level 12 of the Dungeon.
             The game lasted 00:25:40 (11799 turns).

Hugehornet the Cleaver (Gargoyle Fighter)          Turns: 11799, Time: 00:25:40

Health: -3/64      AC: 23    Str: 33    XL:     12   Next: 24%
Magic:  14/14      EV:  6    Int: 29    God:    Cheibriados [*****.]
Gold:   618        SH: 13    Dex: 23    Spells: 11/11 levels left

rFire    + + .     SeeInvis .   x - +9 war axe of Nightmares {flame, +Inv rF+}
rCold    + . .     Gourm    .   c - +1 shield
rNeg     + . .     Faith    .   L - +0 chain mail {rF+}
rPois    ∞         Spirit   .   t - +1 helmet
rElec    +         Reflect  .   q - +0 cloak
rCorr    .         Harm     .   C - +0 pair of gloves
MR       .....                  s - +0 pair of boots
Stlth    ..........             (no amulet)
HPRegen  0.20/turn              e - ring of protection from cold
MPRegen  0.14/turn              N - ring of wizardry

@: very slow
A: negative energy resistance 1, electricity resistance, unbreathing,
petrification resistance, rot immunity, AC +8
a: Bend Time, Temporal Distortion, Slouch, Step From Time, Renounce Religion,
Evoke Invisibility


You were on level 12 of the Dungeon.
You worshipped Cheibriados.
Cheibriados was extremely pleased with you.
You were not hungry.

You visited 2 branches of the dungeon, and saw 13 of its levels.
You also visited: Ossuary.

You collected 689 gold pieces.
You spent 71 gold pieces at shops.

Inventory:

Hand Weapons
 x - the +9 war axe of Nightmares (weapon) {flame, +Inv rF+}
   (You found it on level 5 of the Dungeon)

   It has been specially enchanted to burn those struck by it, causing extra
   injury to most foes and up to half again as much damage against particularly
   susceptible opponents.
   Big, fiery blades are also staple armaments of hydra-hunters.
   It protects you from fire.
   It lets you turn invisible.
 M - a +0 morningstar
Armour
 b - a +0 scale mail
 c - a +1 shield (worn)
 q - a +0 cloak (worn)
 s - a +0 pair of boots (worn)
 t - a +1 helmet (worn)
 C - a +0 pair of gloves (worn)
 G - a +0 plate armour
 L - a +0 chain mail of fire resistance (worn)
Jewellery
 e - a ring of protection from cold (left hand)
 N - a ring of wizardry (right hand)
Wands
 H - a wand of flame (9)
 I - a wand of polymorph (9)
 P - a wand of digging (13)
Scrolls
 g - 11 scrolls of remove curse
 i - 2 scrolls of immolation
 k - 10 scrolls of teleportation
 n - a scroll of fear
 v - 4 scrolls of random uselessness {unknown}
 y - 5 scrolls of noise {unknown}
 B - 2 scrolls of blinking {unknown}
 D - a scroll of fog {unknown}
 J - 2 scrolls of amnesia
 K - 3 scrolls of enchant armour
 O - a scroll of silence {unknown}
Potions
 a - a potion of agility
 d - 6 potions of flight
 h - 5 potions of heal wounds
 j - 3 potions of lignification
 l - 4 potions of cancellation
 m - 7 potions of curing
 o - 2 potions of might
 r - a potion of berserk rage {unknown}
 u - a potion of ambrosia
 w - a potion of mutation
 z - a potion of magic
 A - a potion of resistance
 E - 2 potions of brilliance
 F - 2 potions of invisibility
Comestibles
 f - 33 rations


   Skills:
 - Level 3.2 Fighting
 * Level 14.5(15.4) Axes
 - Level 10.1(14.0) Maces & Flails
 - Level 3.2 Armour
 - Level 3.2 Shields
 - Level 3.5 Invocations


You had 11 spell levels left.
You didn't know any spells.
Your spell library contained the following spells:

 Spells                   Type           Power        Failure   Level  Hunger
 Corona                   Hex            #......      61%         1    ##.....
 Magic Dart               Conj           #...         61%         1    ##.....
 Blink                    Tloc           N/A          75%         2    ###....
 Call Imp                 Summ           #.......     75%         2    ###....
 Slow                     Hex            #.......     75%         2    ###....
 Conjure Flame            Conj/Fire      #.......     91%         3    ####...
 Inner Flame              Hex/Fire       #.......     91%         3    ####...
 Mephitic Cloud           Conj/Pois/Air  #.......     91%         3    ####...
 Portal Projectile        Hex/Tloc       #.....       91%         3    ####...
 Cause Fear               Hex            #.........   100%        4    #####..
 Leda's Liquefaction      Hex/Erth       #.........   100%        4    #####..
 Sublimation of Blood     Necr           Unusable     N/A         2    N/A

Dungeon Overview and Level Annotations

Branches:
Dungeon (12/15)            Temple (1/1) D:4            Lair (0/6) D:10
    Orc (0/2) D:9         Ossuary (visited)

Altars:
Ashenzari
Cheibriados
Dithmenos
Elyvilon
Fedhas
Gozag
Hepliaklqana
Kikubaaqudgha
Makhleb
Nemelex Xobeh
Okawaru
Qazlal
Ru
Sif Muna
Trog
Uskayaw
Vehumet
Wu Jian
Xom
Yredelemnul
Zin
The Shining One

Shops:
D:6 *   D:11 [

Annotations:
D:10 exclusion: oklob plant


Innate Abilities, Weirdness & Mutations

You are resistant to torment.
Your stone body is resilient. (AC +8)
You are immune to poison.
You resist negative energy. (rN+)
You are resistant to electric shocks. (rElec)
You can survive without breathing.
You are immune to petrification.
You are immune to rotting.


Message History

You block the skeletal warrior's attack.
The skeletal warrior hits you but does no damage.
The gargoyle hits you but does no damage.
You block the skeletal warrior's attack.
The skeletal warrior hits you with a +0 hand axe.
The gargoyle hurls a stone arrow at you.
The stone arrow misses you.
The skeletal warrior hits you but does no damage.
You block the skeletal warrior's attack.
You block the gargoyle's attack.
The skeletal warrior hits you with a +0 hand axe.
You block the gargoyle's attack.
You block the skeletal warrior's attack.
You block the gargoyle's attack.
You block the skeletal warrior's attack.
The skeletal warrior hits you from afar with a +0 halberd!
* * * LOW HITPOINT WARNING * * *
You block the skeletal warrior's attack.
The skeletal warrior hits you from afar with a +0 halberd!
You die...

.##.....##..#.#
##..#..## ...#
.##..###..##..##
....###......#
###..#..#.#..#
#..9..#...##
#.#z###.###
#..z#...#
###@....#
#.###.# #.# #.#
#.# #>###.# #.#
#.....# #.#
###.#.# #.#
#.#.# #.# #.#.#
#.# #.#.#


You could see 2 skeletal warriors and a gargoyle.

Vanquished Creatures
  A hydra (D:11)
  A centaur warrior (D:11)
  A two-headed ogre (D:9)
  An unseen horror (D:11)
  An ugly thing (D:11)
  Maurice (D:10)
  A gargoyle (D:10)
  2 trolls
  5 hornets
  Grinder (D:4)
  2 hippogriffs
  2 wyverns
  A wraith (D:11)
  11 yaks
  A shadow (D:11)
  A steam dragon (D:6)
  A hungry ghost (D:12)
  2 wargs (D:9)
  3 water moccasins
  5 orc warriors
  3 sky beasts
  A hornet zombie (D:10)
  3 black bears
  5 boggarts (D:12)
  6 ogres
  2 necrophages (D:11)
  3 phantoms
  10 centaurs
  3 bullfrogs
  3 scorpions
  8 wights
  7 electric eels (D:8)
  4 howler monkeys
  A bullfrog zombie (D:5)
  5 centaur zombies
  8 crimson imps
  5 hounds
  4 jellies
  Crazy Yiuf (D:3)
  3 human zombies (Ossuary)
  10 orc priests
  4 bullfrog skeletons
  A centaur skeleton (D:9)
  Jessica (D:2)
  Ijyb (D:3)
  6 iguanas
  7 orc wizards
  Natasha (thrice) (D:4)
  11 worker ants
  Terence (D:3)
  A hound zombie (D:5)
  A hound skeleton (D:8)
  3 mummies (Ossuary)
  A howler monkey zombie (D:5)
  2 worker ant zombies
  Robin (D:3)
  A howler monkey skeleton (D:4)
  4 gnolls
  6 adders
  2 shadow imps
  A worm (D:3)
  9 leopard geckos
  37 orcs
  7 giant cockroaches
  20 goblins
  7 hobgoblins
  21 jackals
  4 kobolds
  10 quokkas
  3 ball pythons
  7 bats
  5 frilled lizards
  A hobgoblin zombie (Ossuary)
  A jackal skeleton (D:8)
  A leopard gecko zombie (D:5)
  6 rats
  A bush (D:5)
337 creatures vanquished.

Vanquished Creatures (others)
  2 plants (D:8)
2 creatures vanquished.

Grand Total: 339 creatures vanquished

Notes
Turn   | Place    | Note
-------+----------+-------------------------------------------
     0 | D:1      | Hugehornet the Gargoyle Fighter began the quest for the
                  | Orb.
     0 | D:1      | Reached XP level 1. HP: 14/14 MP: 1/1
    37 | D:1      | Reached XP level 2. HP: 19/19 MP: 2/2
   564 | D:1      | Reached XP level 3. HP: 23/23 MP: 3/3
  1000 | D:2      | Reached XP level 4. HP: 28/28 MP: 4/4
  1080 | D:2      | Noticed Jessica
  1083 | D:2      | Killed Jessica
  1100 | D:2      | Identified Jessica's Collected Works on Sinister Magic
  1428 | D:3      | Noticed Robin
  1447 | D:2      | Reached skill level 5 in Maces & Flails
  1535 | D:3      | Reached XP level 5. HP: 32/32 MP: 5/5
  1651 | D:3      | Noticed Ijyb
  1657 | D:3      | Paralysed by Ijyb for 7 turns
  1666 | D:3      | Paralysed by Ijyb for 2 turns
  1677 | D:3      | Paralysed by Ijyb for 3 turns
  1703 | D:3      | Killed Ijyb
  1946 | D:3      | Killed Robin
  2041 | D:3      | Noticed Terence
  2046 | D:3      | Killed Terence
  2103 | D:3      | Found a runed translucent door.
  2104 | D:3      | Noticed Crazy Yiuf
  2566 | D:3      | Killed Crazy Yiuf
  2566 | D:3      | Reached XP level 6. HP: 37/37 MP: 6/6
  2821 | D:4      | Noticed Grinder
  2822 | D:4      | Paralysed by Grinder for 2 turns
  2833 | D:4      | Killed Grinder
  2833 | D:4      | Reached XP level 7. HP: 30/41 MP: 7/7
  3020 | D:4      | Found a staircase to the Ecumenical Temple.
  3052 | Temple   | Entered the Ecumenical Temple
  3447 | D:4      | Noticed Natasha
  3473 | D:4      | Killed Natasha
  3476 | D:4      | You fall into a shaft and drop 1 floor!
  3476 | D:5      | Entered Level 5 of the Dungeon
  3549 | D:5      | Reached XP level 8. HP: 41/46 MP: 8/8
  3885 | D:5      | Noticed a yak
  3895 | D:5      | Killed a yak
  3895 | D:5      | Reached skill level 10 in Maces & Flails
  3912 | D:5      | Got a dazzling war axe
  3913 | D:5      | Identified the +9 war axe of Nightmares {flame, +Inv rF+}
                  | (You found it on level 5 of the Dungeon)
  3995 | D:5      | Reached skill level 1 in Axes
  4002 | D:5      | Found a radiant altar of Vehumet.
  4041 | D:5      | Reached skill level 2 in Axes
  4304 | D:5      | Reached skill level 3 in Axes
  4412 | D:4      | Found a snail-covered altar of Cheibriados.
  4414 | D:4      | Found a burning altar of Makhleb.
  4414 | D:4      | Found an opulent altar of Gozag.
  4414 | D:4      | Found a radiant altar of Vehumet.
  4422 | D:4      | Became a worshipper of Cheibriados the Contemplative
  4521 | D:4      | Noticed Natasha
  4530 | D:4      | Killed Natasha
  4733 | D:4      | Noticed Natasha
  4740 | D:4      | Killed Natasha
  4908 | D:5      | Found a blossoming altar of Fedhas.
  4932 | D:5      | Reached skill level 4 in Axes
  4932 | D:5      | Reached XP level 9. HP: 44/51 MP: 9/9
  5094 | D:6      | Found a sand-covered staircase.
  5102 | Ossuary  | Entered an ossuary
  5178 | Ossuary  | Reached skill level 5 in Axes
  5388 | D:6      | Reached * piety under Cheibriados
  5542 | D:6      | Found Doek's General Store.
  5564 | D:6      | Bought a scroll of identify for 26 gold pieces
  5564 | D:6      | Bought a scroll of amnesia for 45 gold pieces
  5692 | D:6      | Reached skill level 6 in Axes
  6007 | D:7      | Reached skill level 7 in Axes
  6392 | D:7      | Got a brightly glowing long sword
  6393 | D:7      | Identified the cursed +0 long sword of Callousness {slice,
                  | rF- MR+ Str-5 Dex+8} (You found it on level 7 of the
                  | Dungeon)
  6452 | D:7      | Reached skill level 8 in Axes
  6621 | D:7      | Reached XP level 10. HP: 25/56 MP: 10/10
  6647 | D:7      | Reached ** piety under Cheibriados
  6647 | D:7      | Reached skill level 9 in Axes
  7942 | D:8      | Reached skill level 10 in Axes
  8989 | D:9      | Reached *** piety under Cheibriados
  9052 | D:9      | Noticed a two-headed ogre
  9060 | D:9      | Reached skill level 11 in Axes
  9307 | D:9      | Reached XP level 11. HP: 50/60 MP: 11/11
  9319 | D:9      | Found a staircase to the Orcish Mines.
  9322 | D:9      | Killed a two-headed ogre
  9322 | D:9      | Reached skill level 12 in Axes
  9335 | D:9      | Reached **** piety under Cheibriados
  9461 | D:9      | You fall into a shaft and drop 1 floor!
  9461 | D:10     | Entered Level 10 of the Dungeon
  9984 | D:9      | Found a shimmering blue altar of Sif Muna.
 10189 | D:10     | Found a bloodstained altar of Trog.
 10218 | D:10     | Found a staircase to the Lair.
 10218 | D:10     | Noticed an oklob plant
 10443 | D:10     | Reached ***** piety under Cheibriados
 10637 | D:10     | Noticed Maurice
 10649 | D:10     | Killed Maurice
 10649 | D:10     | Reached skill level 1 in Invocations
 10775 | D:11     | Reached skill level 13 in Axes
 10903 | D:11     | Noticed a four-headed hydra
 10910 | D:11     | Killed a one-headed hydra
 10914 | D:11     | Killed an unseen horror
 11088 | D:11     | Noticed a centaur warrior
 11098 | D:11     | Killed a centaur warrior
 11098 | D:11     | Reached XP level 12. HP: 42/64 MP: 14/14
 11268 | D:11     | Reached skill level 14 in Axes
 11507 | D:11     | Found Dumuro's Antique Armour Boutique.
 11779 | D:12     | Found a shadowy altar of Dithmenos.
 11799 | D:12     | Slain by a skeletal warrior

Levels and vault maps discovered:
D:1:      dpeg_arrival_rooms_with_view, layout_rooms
D:2:      layout_basic, grunt_decor_resistance, kennysheep_jessica_study
D:3:      layout_loops_cross, minmay_bisected, uniq_ijyb,
          uniq_crazy_yiuf_cottage, uniq_terence, uniq_robin
D:4:      layout_basic, chequers_temple_overflow_statue_of_worship,
          minmay_temple_entry_hall, kennysheep_generic_room_6, uniq_grinder,
          uniq_natasha
D:5:      kennysheep_windowed_halls, layout_basic,
          fedhas_bush_and_centaur_altar, first_ration, basic_altar,
          amethyst_killhole
D:6:      layout_loops_ring, lightli_ossuary_entry_decrepit_ruins, serial_shops,
          shop
D:7:      layout_cave_pods
D:8:      wad_lake_hut, layout_layer_cave
D:9:      layout_cave_pools, tgw_sif, erik_orc_4
D:10:     layout_rooms, dpeg_oklobed_lair, basic_altar, uniq_maurice
D:11:     layout_cave_pools, serial_shops, kennysheep_little_box
D:12:     layout_loops_ring, the_bakery, roderic_lattice_a,
          nicolae_dithmenos_shadow_blocks
Temple:   eino_temple_rhombus

Skill      XL: |  1  2  3  4  5  6  7  8  9 10 11 12 |
---------------+-------------------------------------+-----
Maces & Flails | 3 4 5 6 7 9 10 | 10.1
Axes           | 4 8 11 13 14 | 14.5
Invocations    | 3 |  3.5
Fighting       | |  3.2
Armour         | |  3.2
Shields        | |  3.2

Action                   |  1- 3 |  4- 6 |  7- 9 | 10-12 || total
-------------------------+-------+-------+-------+-------++-------
Melee: Flail             |   147 |   192 |       |       ||   339
       Mace              |       |    33 |   262 |       ||   295
       War axe           |       |       |   174 |   367 ||   541
  Use: Potion            |     2 |     2 |       |       ||     4
       Scroll            |       |     6 |    13 |     1 ||    20
  Eat: Chunk             |     1 |     6 |    11 |     8 ||    26
       Ration            |       |       |       |     1 ||     1
Armor: Scale mail        |   138 |   146 |   261 |     2 ||   547
       Chain mail        |       |       |       |   184 ||   184
       Plate armour      |       |       |       |     7 ||     7
Dodge: Dodged            |    75 |    61 |   138 |    56 ||   330
Block: Shield            |   111 |   126 |   208 |   207 ||   652
